TOP OF THE 1ST |
Shelby HS Rockets batting - Pitching for Oklahoma City HS Magicians : RHP Joel Murphy
|
Pitching: RHP Joel Murphy
|
|
Batting: RHB Phil Stephens
|
0-0: Ball 1-0: Called Strike 1-1: Bunt missed! 1-2: Ball 2-2: Foul Ball, location: 2F 2-2: Ball 3-2: Base on Balls
|
Batting: RHB Jorge Solís
|
0-0: Ball 1-0: Ball 2-0: Ball 3-0: Called Strike 3-1: DOUBLE (Line Drive, 8LXD) Phil Stephens to third Runner from 3rd tries for Home, SAFE, throw made at trailing runner, OUT at third!
|
Batting: SHB Simon Spencer
|
0-0: Ball 1-0: Called Strike 1-1: Ball 2-1: Ball 3-1: Foul Ball, location: 2F 3-2: Base on Balls
|
Batting: LHB Bill Handy
|
0-0: Swinging Strike 0-1: Fielders Choice at 2nd, 1-6 (Groundball, 13)
|
Batting: RHB Jorge Pacheco
|
0-0: Ball 1-0: Ball Bill Handy steals 2nd base 2-0: Fly out, F4 (Line Drive, 4)
|
Top of the 1st over - 1 run(s), 1 hit(s), 0 error(s), 1 left on base; Shelby HS 1 - Oklahoma City HS 0 |
BOTTOM OF THE 1ST |
Oklahoma City HS Magicians batting - Pitching for Shelby HS Rockets : RHP Kevin Harris
|
Pitching: RHP Kevin Harris
|
|
Batting: LHB Fletcher White
|
0-0: Ball 1-0: Swinging Strike 1-1: Swinging Strike 1-2: Foul Ball, location: 2F 1-2: Strikes out swinging
|
Batting: RHB Pat Simms
|
0-0: Swinging Strike 0-1: Swinging Strike 0-2: Foul Ball, location: 2F 0-2: Ball 1-2: Ground out 6-3 (Groundball, 6)
|
Batting: LHB Geoff May
|
0-0: Foul Ball, location: 2F 0-1: Ball 1-1: Called Strike 1-2: SOLO HOME RUN (Flyball, 7D), Distance : 365 ft
|
Batting: RHB Curt O'Brian
|
0-0: Called Strike 0-1: Swinging Strike 0-2: Strikes out looking
|
Bottom of the 1st over - 1 run(s), 1 hit(s), 0 error(s), 0 left on base; Shelby HS 1 - Oklahoma City HS 1 |
TOP OF THE 2ND |
Shelby HS Rockets batting - Pitching for Oklahoma City HS Magicians : RHP Joel Murphy
|
Batting: RHB Craig Jensen
|
0-0: Ball 1-0: Called Strike 1-1: Ground out 5-3 (Groundball, 5)
|
Batting: RHB Javier Concepción
|
0-0: Ball 1-0: Foul Ball, location: 2F 1-1: Called Strike 1-2: Ball 2-2: Ball Error on foul ball, E7 3-2: Foul Ball, location: 2F 3-2: Reached on error, E5 (Popup, 56S)
|
Batting: LHB Bill Williams
|
0-0: Ball 1-0: Fly out, F4 (Line Drive, 4M)
|
Batting: RHB Joseph Brown
|
0-0: Ball 1-0: SINGLE (Groundball, 34D) Javier Concepción to second Runner from 2nd tries for 3rd, SAFE, throw made to third Joseph Brown to second
|
Batting: RHB Phil Stephens
|
0-0: Ball 1-0: Called Strike 1-1: Ball 2-1: Foul Ball, location: 2F 2-2: Foul Ball, location: 2F 2-2: Strikes out swinging
|
Top of the 2nd over - 0 run(s), 1 hit(s), 2 error(s), 2 left on base; Shelby HS 1 - Oklahoma City HS 1 |
BOTTOM OF THE 2ND |
Oklahoma City HS Magicians batting - Pitching for Shelby HS Rockets : RHP Kevin Harris
|
Batting: RHB Darrell Krieger
|
0-0: SOLO HOME RUN (Flyball, 9LD), Distance : 335 ft
|
Batting: SHB Lee Oliver
|
0-0: Called Strike 0-1: Foul Ball, location: 2F 0-2: Ball 1-2: Ball 2-2: Foul Ball, location: 2F 2-2: Ball 3-2: Strikes out swinging
|
Batting: RHB Billy Gray
|
0-0: Ball 1-0: Ground out 5-3 (Groundball, 5)
|
Batting: LHB Andrew Chambers
|
0-0: Foul Ball, location: 2F 0-1: Ball 1-1: Ball 2-1: Foul Ball, location: 2F 2-2: Foul Ball, location: 2F 2-2: Ball 3-2: Fly out, F8 (Line Drive, 8LM)
|
Bottom of the 2nd over - 1 run(s), 1 hit(s), 0 error(s), 0 left on base; Shelby HS 1 - Oklahoma City HS 2 |
TOP OF THE 3RD |
Shelby HS Rockets batting - Pitching for Oklahoma City HS Magicians : RHP Joel Murphy
|
Batting: RHB Jorge Solís
|
0-0: Ball 1-0: Called Strike 1-1: Ball 2-1: SINGLE (Line Drive, 9S)
|
Batting: SHB Simon Spencer
|
0-0: Ball 1-0: Foul Ball, location: 2F 1-1: Foul Ball, location: 2F 1-2: Ball 2-2: Foul Ball, location: 2F 2-2: Grounds into double play, U3-6 (Groundball, 3L)
|
Batting: LHB Bill Handy
|
0-0: Ball 1-0: Ball 2-0: Ball 3-0: Called Strike 3-1: SINGLE (Groundball, 6MD)
|
Batting: RHB Jorge Pacheco
|
0-0: Foul Ball, location: 2F 0-1: Foul Ball, location: 2F 0-2: SINGLE (Flyball, 78S) Bill Handy to second
|
Batting: RHB Craig Jensen
|
0-0: Fly out, F9 (Flyball, 9S)
|
Top of the 3rd over - 0 run(s), 3 hit(s), 0 error(s), 2 left on base; Shelby HS 1 - Oklahoma City HS 2 |
BOTTOM OF THE 3RD |
Oklahoma City HS Magicians batting - Pitching for Shelby HS Rockets : RHP Kevin Harris
|
Batting: RHB Jeffrey Ball
|
0-0: Ball 1-0: Called Strike 1-1: Swinging Strike 1-2: Foul Ball, location: 2F 1-2: Foul Ball, location: 2F 1-2: Ball 2-2: SINGLE (Flyball, 89S)
|
Batting: LHB Fletcher White
|
0-0: Ball 1-0: Ground out U3 (Groundball, 3) Jeffrey Ball to second
|
Batting: RHB Pat Simms
|
0-0: Called Strike 0-1: Called Strike 0-2: Ball 1-2: Foul Ball, location: 2F 1-2: Foul Ball, location: 2F 1-2: Fly out, F8 (Flyball, 8RM)
|
Batting: LHB Geoff May
|
0-0: Ball 1-0: Fly out, F8 (Flyball, 8LS)
|
Bottom of the 3rd over - 0 run(s), 1 hit(s), 0 error(s), 1 left on base; Shelby HS 1 - Oklahoma City HS 2 |
TOP OF THE 4TH |
Shelby HS Rockets batting - Pitching for Oklahoma City HS Magicians : RHP Joel Murphy
|
Batting: RHB Javier Concepción
|
0-0: Foul Ball, location: 2F 0-1: Ball 1-1: Ball 2-1: Ground out 5-3 (Groundball, 56)
|
Batting: LHB Bill Williams
|
0-0: Foul Ball, location: 2F 0-1: Ball 1-1: SINGLE (Line Drive, 6M)
|
Batting: RHB Joseph Brown
|
0-0: Foul Ball, location: 2F 0-1: Ball 1-1: Called Strike 1-2: Foul Ball, location: 2F 1-2: Ball 2-2: Foul Ball, location: 2F 2-2: Grounds into double play, 5-4-3 (Groundball, 56)
|
Top of the 4th over - 0 run(s), 1 hit(s), 0 error(s), 0 left on base; Shelby HS 1 - Oklahoma City HS 2 |
BOTTOM OF THE 4TH |
Oklahoma City HS Magicians batting - Pitching for Shelby HS Rockets : RHP Kevin Harris
|
Batting: RHB Curt O'Brian
|
0-0: Ball 1-0: Foul Ball, location: 2F 1-1: Called Strike 1-2: Ball 2-2: Foul Ball, location: 2F 2-2: Ball 3-2: DOUBLE (Flyball, 8RD)
|
Batting: RHB Darrell Krieger
|
0-0: Foul Ball, location: 2F 0-1: Ball 1-1: Ball 2-1: Called Strike 2-2: Foul Ball, location: 2F 2-2: SINGLE (Groundball, 6MD) Curt O'Brian to third Runner from 3rd tries for Home, SAFE, no throw
|
Batting: SHB Lee Oliver
|
0-0: Fly out, F9 (Flyball, 9LS)
|
Batting: RHB Billy Gray
|
0-0: Ball 1-0: Called Strike 1-1: Called Strike 1-2: Ball 2-2: Strikes out swinging
|
Batting: LHB Andrew Chambers
|
0-0: Foul Ball, location: 2F 0-1: Ball 1-1: Foul Ball, location: 2F 1-2: Strikes out looking
|
Bottom of the 4th over - 1 run(s), 2 hit(s), 0 error(s), 1 left on base; Shelby HS 1 - Oklahoma City HS 3 |
TOP OF THE 5TH |
Shelby HS Rockets batting - Pitching for Oklahoma City HS Magicians : RHP Joel Murphy
|
Batting: RHB Phil Stephens
|
0-0: Ball 1-0: Fly out, F8 (Line Drive, 8LM)
|
Batting: RHB Jorge Solís
|
0-0: Ball 1-0: Ball 2-0: Ball 3-0: Called Strike 3-1: Base on Balls
|
Pitching: RHP Mike Giles
|
|
Batting: SHB Simon Spencer
|
0-0: Called Strike 0-1: Ball 1-1: Foul Ball, location: 2F 1-2: Fielders Choice at 2nd, 3-6 (Groundball, 3)
|
Batting: LHB Bill Handy
|
0-0: Called Strike 0-1: Called Strike Simon Spencer steals 2nd base 0-2: Strikes out looking
|
Top of the 5th over - 0 run(s), 0 hit(s), 0 error(s), 1 left on base; Shelby HS 1 - Oklahoma City HS 3 |
BOTTOM OF THE 5TH |
Oklahoma City HS Magicians batting - Pitching for Shelby HS Rockets : RHP Kevin Harris
|
Batting: RHB Jeffrey Ball
|
0-0: Called Strike 0-1: Ball 1-1: Called Strike 1-2: Ball 2-2: Foul Ball, location: 2F 2-2: Strikes out looking
|
Pitching: RHP Christian Gunn
|
|
Batting: LHB Fletcher White
|
0-0: Called Strike 0-1: Foul Ball, location: 2F 0-2: Strikes out swinging
|
Batting: RHB Pat Simms
|
0-0: SINGLE (Groundball, 6D)
|
Batting: LHB Geoff May
|
0-0: Called Strike 0-1: Foul Ball, location: 2F 0-2: Strikes out swinging
|
Bottom of the 5th over - 0 run(s), 1 hit(s), 0 error(s), 1 left on base; Shelby HS 1 - Oklahoma City HS 3 |
TOP OF THE 6TH |
Shelby HS Rockets batting - Pitching for Oklahoma City HS Magicians : RHP Mike Giles
|
Batting: RHB Jorge Pacheco
|
0-0: Ball 1-0: Called Strike 1-1: Foul Ball, location: 2F 1-2: Ball 2-2: Foul Ball, location: 2F 2-2: Foul Ball, location: 2F 2-2: Strikes out swinging
|
Batting: RHB Craig Jensen
|
0-0: Called Strike 0-1: Ball 1-1: Called Strike 1-2: Foul Ball, location: 2F 1-2: Ball 2-2: Ball 3-2: Fly out, F5 (Popup, 5S)
|
Batting: RHB Javier Concepción
|
0-0: Called Strike 0-1: Ground out 5-3 (Groundball, 56)
|
Top of the 6th over - 0 run(s), 0 hit(s), 0 error(s), 0 left on base; Shelby HS 1 - Oklahoma City HS 3 |
BOTTOM OF THE 6TH |
Oklahoma City HS Magicians batting - Pitching for Shelby HS Rockets : RHP Christian Gunn
|
Batting: RHB Curt O'Brian
|
0-0: Foul Ball, location: 2F 0-1: Ball 1-1: SINGLE (Groundball, 3D)
|
Batting: RHB Darrell Krieger
|
0-0: Foul Ball, location: 2F 0-1: Called Strike 0-2: Ball 1-2: Foul Ball, location: 2F 1-2: Foul Ball, location: 2F 1-2: Foul Ball, location: 2F 1-2: Foul Ball, location: 2F 1-2: Foul Ball, location: 2F 1-2: Foul Ball, location: 2F 1-2: Fielders Choice at 2nd, 1-6 (Groundball, 13S)
|
Batting: SHB Lee Oliver
|
0-0: DOUBLE (Flyball, 8RD) Darrell Krieger to third
|
Batting: RHB Billy Gray
|
0-0: Foul Ball, location: 2F 0-1: Swinging Strike 0-2: Foul Ball, location: 2F 0-2: Hit by Pitch
|
Batting: LHB Andrew Chambers
|
0-0: Foul Ball, location: 2F 0-1: Ball 1-1: Fly out, F7 (Flyball, 78S)
|
Batting: RHB Jeffrey Ball
|
0-0: Ball 1-0: Ball 2-0: Foul Ball, location: 2F 2-1: Ball 3-1: Called Strike 3-2: Base on Balls Darrell Krieger scores Lee Oliver to third Billy Gray to second
|
Batting: LHB Fletcher White
|
0-0: Ball 1-0: Foul Ball, location: 2F 1-1: Ball 2-1: Ball 3-1: Foul Ball, location: 2F 3-2: Base on Balls Lee Oliver scores Billy Gray to third Jeffrey Ball to second
|
Batting: RHB Pat Simms
|
0-0: Fielders Choice at 2nd, 6-4 (Groundball, 6)
|
Bottom of the 6th over - 2 run(s), 2 hit(s), 0 error(s), 2 left on base; Shelby HS 1 - Oklahoma City HS 5 |
TOP OF THE 7TH |
Shelby HS Rockets batting - Pitching for Oklahoma City HS Magicians : RHP Mike Giles
|
Batting: LHB Bill Williams
|
0-0: Ball 1-0: Called Strike 1-1: Ground out U3 (Groundball, 3)
|
Batting: RHB Joseph Brown
|
0-0: Foul Ball, location: 2F 0-1: Fly out, F7 (Flyball, 7)
|
Batting: RHB Phil Stephens
|
0-0: Called Strike 0-1: Ball 1-1: Foul Ball, location: 2F 1-2: Strikes out swinging
|
Top of the 7th over - 0 run(s), 0 hit(s), 0 error(s), 0 left on base; Shelby HS 1 - Oklahoma City HS 5 |
BOTTOM OF THE 7TH |
Oklahoma City HS Magicians batting - Pitching for Shelby HS Rockets : RHP Christian Gunn
|
Batting: LHB Geoff May
|
0-0: Ball 1-0: Ball 2-0: Called Strike 2-1: Foul Ball, location: 2F 2-2: Ball 3-2: Base on Balls
|
Batting: RHB Curt O'Brian
|
0-0: Ball 1-0: Called Strike 1-1: Swinging Strike 1-2: Strikes out swinging
|
Pitching: RHP Michael Hutchins
|
|
Batting: RHB Darrell Krieger
|
0-0: Called Strike 0-1: Ball 1-1: Ball 2-1: Called Strike 2-2: Strikes out swinging
|
Batting: SHB Lee Oliver
|
0-0: Called Strike 0-1: Foul Ball, location: 2F 0-2: SINGLE (Flyball, 7S) Geoff May to second
|
Batting: RHB Billy Gray
|
0-0: Ball 1-0: Foul Ball, location: 2F 1-1: Ball 2-1: Foul Ball, location: 2F 2-2: Foul Ball, location: 2F 2-2: Ground out 6-3 (Groundball, 56)
|
Bottom of the 7th over - 0 run(s), 1 hit(s), 0 error(s), 2 left on base; Shelby HS 1 - Oklahoma City HS 5 |
TOP OF THE 8TH |
Shelby HS Rockets batting - Pitching for Oklahoma City HS Magicians : RHP Mike Giles
|
Batting: RHB Jorge Solís
|
0-0: Ball 1-0: Called Strike 1-1: Ball 2-1: Ground out 5-3 (Groundball, 5S)
|
Batting: SHB Simon Spencer
|
0-0: Ball 1-0: Foul Ball, location: 2F 1-1: Ball 2-1: Swinging Strike 2-2: Strikes out swinging
|
Batting: LHB Bill Handy
|
0-0: Ball 1-0: Foul Ball, location: 2F 1-1: Ball 2-1: Foul Ball, location: 2F 2-2: Ball 3-2: SOLO HOME RUN (Flyball, 8LXD), Distance : 433 ft
|
Batting: RHB Jorge Pacheco
|
0-0: Called Strike 0-1: Called Strike 0-2: Ball 1-2: Ball 2-2: Ground out 5-3 (Groundball, 5S)
|
Top of the 8th over - 1 run(s), 1 hit(s), 0 error(s), 0 left on base; Shelby HS 2 - Oklahoma City HS 5 |
BOTTOM OF THE 8TH |
Oklahoma City HS Magicians batting - Pitching for Shelby HS Rockets : RHP Michael Hutchins
|
Batting: LHB Andrew Chambers
|
0-0: Foul Ball, location: 2F 0-1: Called Strike 0-2: Fly out, F6 (Line Drive, 6)
|
Batting: RHB Jeffrey Ball
|
0-0: Ball 1-0: Ball 2-0: Ball 3-0: Base on Balls
|
Batting: LHB Fletcher White
|
0-0: Ball 1-0: Ball 2-0: Ball Jeffrey Ball is caught stealing 2nd base 3-0: Called Strike 3-1: Foul Ball, location: 2F 3-2: Base on Balls
|
Batting: RHB Pat Simms
|
0-0: Called Strike 0-1: Foul Ball, location: 2F 0-2: Foul Ball, location: 2F 0-2: Ball 1-2: Foul Ball, location: 2F 1-2: Ball Fletcher White is caught stealing 2nd base
|
Bottom of the 8th over - 0 run(s), 0 hit(s), 0 error(s), 0 left on base; Shelby HS 2 - Oklahoma City HS 5 |
TOP OF THE 9TH |
Shelby HS Rockets batting - Pitching for Oklahoma City HS Magicians : RHP Mike Giles
|
Pitching: RHP Clifford Sullivan
|
|
Batting: RHB Craig Jensen
|
0-0: Called Strike 0-1: Ball 1-1: Swinging Strike 1-2: Strikes out swinging
|
Batting: RHB Javier Concepción
|
0-0: Ball 1-0: Swinging Strike 1-1: Ball 2-1: Foul Ball, location: 2F 2-2: Ball 3-2: Foul Ball, location: 2F 3-2: Base on Balls
|
Batting: LHB Bill Williams
|
0-0: Called Strike 0-1: Ball 1-1: Ball 2-1: Foul Ball, location: 2F 2-2: Foul Ball, location: 2F 2-2: Strikes out swinging
|
Batting: RHB Joseph Brown
|
0-0: Called Strike 0-1: Called Strike 0-2: DOUBLE (Line Drive, 9LM) Javier Concepción to third
|
Batting: RHB Phil Stephens
|
0-0: Ball 1-0: Swinging Strike 1-1: Ball 2-1: Foul Ball, location: 2F 2-2: Ball 3-2: Foul Ball, location: 2F 3-2: Ground out 4-3 (Groundball, 4)
|
Top of the 9th over - 0 run(s), 1 hit(s), 0 error(s), 2 left on base; Shelby HS 2 - Oklahoma City HS 5 |
|